 Dungeon Crawl Stone Soup version 0.30.0 (webtiles) character file.

Game seed: 12257218340279036158

137 nonceun the Chopper (level 5, -10/45 HPs)
             Began as a Minotaur Berserker on May 7, 2023.
             Was a Believer of Trog.
             Mangled by a small abomination (15 damage)
             ... on level 1 of the Abyss.
             The game lasted 00:05:25 (2313 turns).

nonceun the Chopper (Minotaur Berserker)            Turns: 2313, Time: 00:05:25

Health: -10/45     AC:  7    Str: 22    XL:     5   Next: 0%
Magic:  4/4        EV: 10    Int:  6    God:    Trog [**....]
Gold:   154        SH:  0    Dex:  9    Spells: 4/4 levels left

rFire   . . .        a - +0 hand axe
rCold   + . .        (no shield)
rNeg    . . .        n - +0 scale mail
rPois   .            (helmet restricted)
rElec   .            p - +0 cloak
rCorr   .            (no gloves)
SInv    .            (no boots)
Will    .....        (no amulet) Stlth
                     i - ring of protection from cold
HPRegen 0.27/turn    (no ring)
MPRegen 0.09/turn

%: no passive effects
@: no status effects
A: horns 2, retaliatory headbutt
a: Renounce Religion, Berserk, Trog's Hand


You were on level 1 of the Abyss.
You worshipped Trog.
Trog was pleased with you.
You visited 1 branch of the dungeon, and saw 3 of its levels.
You visited the Abyss 1 time.

You collected 154 gold pieces.

Inventory:

Hand Weapons
 a - a +0 hand axe (weapon)
Armour
 n - a +0 scale mail (worn)
 p - a +0 cloak (worn)
Jewellery
 i - a ring of protection from cold (left hand)
Scrolls
 b - a scroll of amnesia {unknown}
 d - a scroll of fear {unknown}
 e - 3 scrolls of teleportation {unknown}
 j - 2 scrolls of blinking {unknown}
 k - a scroll of vulnerability {unknown}
 m - a scroll of acquirement {unknown}
 o - a scroll of noise {unknown}
 r - a scroll of identify {unknown}
 s - a scroll of brand weapon {unknown}
 t - a scroll of immolation {unknown}
Potions
 c - 2 potions of brilliance {unknown}
 f - 4 potions of lignification {unknown}
 g - 2 potions of flight {unknown}
 h - a potion of ambrosia {unknown}
 l - 3 potions of curing {unknown}
 q - a potion of degeneration {unknown}


   Skills:
 - Level 3.6 Fighting
 + Level 6.9 Axes
 - Level 2.4 Armour
 - Level 2.1 Dodging


You had 4 spell levels left.
You didn't know any spells.
Your spell library contained the following spells:

 Spells                   Type           Power      Damage    Failure   Level
 Blink                    Tloc           0%         N/A       89%         2
 Ensorcelled Hibernation  Hex/Ice        0%         N/A       89%         2
 Lesser Beckoning         Tloc           0%         N/A       89%         2
 Momentum Strike          Conj/Tloc      0%         3d8       89%         2
 Dazzling Flash           Conj/Hex       0%         N/A       98%         3
 Spider Form              Tmut/Pois      0%         N/A       98%         3
 Volatile Blastmotes      Fire/Tloc      0%         2d10      98%         3
 Anguish                  Hex/Necr       0%         N/A       100%        4
 Iskenderun's Mystic Bla  Conj/Tloc      0%         2d3       100%        4
 Starburst                Conj/Fire      0%         6d3       100%        6


Dungeon Overview and Level Annotations

Branches:
Dungeon (3/15)

Altars:
Hepliaklqana

Shops:
D:3 :

Annotations:
D:3 Crazy Yiuf


Innate Abilities, Weirdness & Mutations

You have a pair of horns on your head.
You reflexively headbutt those who attack you in melee.


Message History

Crazy Yiuf freezes you.
You hit Crazy Yiuf. Your headbutt misses Crazy Yiuf.
Crazy Yiuf is almost dead.
Crazy Yiuf hits you with a +4 quarterstaff of chaos!
You are cast into the Abyss!
This branch contains the abyssal rune of Zot.
There is an open translucent door here.
There is an open translucent door here.
You feel the effects of Trog's Hand fading.
You hit the small abomination. You headbutt the small abomination!
The small abomination is heavily damaged.
Your skin stops crawling.
You feel less strong-willed. The small abomination hits you!
You barely miss the small abomination.
Your headbutt misses the small abomination.
The small abomination is heavily damaged.
The small abomination hits you!
You hit the small abomination.
The small abomination is severely damaged.
The small abomination closely misses you.
You hit the small abomination but do no damage.
Your headbutt misses the small abomination.
The small abomination is severely damaged.
The small abomination hits you!
* * * LOW HITPOINT WARNING * * *
You barely miss the small abomination.
The small abomination is severely damaged.
The small abomination barely misses you.
You hit the small abomination.
The small abomination is almost destroyed.
The small abomination hits you.
* * * LOW HITPOINT WARNING * * *
The small abomination closely misses you.
You hit the small abomination.
The small abomination is almost destroyed.
The small abomination hits you but does no damage.
You closely miss the small abomination. You headbutt the small abomination.
The small abomination is almost destroyed.
The small abomination hits you!
You die...

#.## ..#. .#
... .##..
##... ...###
## # #.#..###
#...#.#@#.
#.# #....x#.
#.### ##.
......#.....
..# ....#
#.#.#.......#
#.'. .#
..........#
### ...#
###..###.##.
####. # ##.
#... .# . #
....# ##
###.##


You could see a small abomination.

Vanquished Creatures
  2 orc wizards (D:3)
  2 adders
  A dart slug (D:1)
  5 orcs (D:3)
  4 endoplasms
  3 giant cockroaches
  5 goblins
  8 hobgoblins
  5 jackals (D:3)
  3 quokkas
  3 ball pythons
  4 bats
  3 frilled lizards (D:2)
  4 kobolds
  5 rats
  A spectral kobold (D:3)
58 creatures vanquished.

Vanquished Creatures (others)
  2 fungi (D:3)
2 creatures vanquished.

Grand Total: 60 creatures vanquished

Notes
Turn   | Place    | Note
-------+----------+-------------------------------------------
     0 | D:1      | nonceun the Minotaur Berserker began the quest for the Orb.
     0 | D:1      | Reached XP level 1. HP: 19/19 MP: 0/0
   214 | D:1      | Reached skill level 4 in Axes
   261 | D:1      | Reached XP level 2. HP: 22/26 MP: 1/1
   754 | D:2      | Reached skill level 5 in Axes
   769 | D:2      | Reached XP level 3. HP: 26/31 MP: 2/2
  1405 | D:3      | Reached ** piety under Trog
  1534 | D:3      | Reached skill level 6 in Axes
  1534 | D:3      | Reached XP level 4. HP: 25/39 MP: 3/3
  1712 | D:3      | Found Yptieq's Vocational Training.
  2164 | D:3      | Found a hazy altar of Hepliaklqana.
  2169 | D:3      | Reached XP level 5. HP: 45/45 MP: 4/4
  2281 | D:3      | Found a runed translucent door.
  2282 | D:3      | Noticed Crazy Yiuf
  2292 | Abyss:1  | Cast into level 1 of the Abyss (Crazy Yiuf)
  2295 | Abyss:1  | Noticed a small abomination
  2313 | Abyss:1  | Mangled by a small abomination

Illustrated notes

Levels and vault maps discovered:
D:1:      dpeg_arrival_stone_temple_mockup, layout_loops_ring
D:2:      minmay_wonky_spiral, layout_rooms, grunt_ministairs_10,
          nicolae_figureground_pulse
D:3:      layout_loops_ring, nicolae_hepliaklqana_monster_ancestors,
          nicolae_shop_vocational, uniq_crazy_yiuf_cottage
Abyss:1:  base:
D:2

Skill      XL: |  1  2  3 |
---------------+----------+-----
Axes           | 4 5 6 |  6.9
Fighting       | |  3.6
Armour         | |  2.4
Dodging        | |  2.1

Action                     |  1- 3 |  4- 6 || total
---------------------------+-------+-------++-------
  Melee: Hand axe          |    88 |    72 ||   160
         Headbutt          |     9 |    12 ||    21
 Invoke: Berserk           |       |     1 ||     1
         Trog's Hand       |       |     1 ||     1
 Armour: Animal skin       |     8 |       ||     8
         Scale mail        |    21 |    15 ||    36
  Dodge: Dodged            |    36 |    19 ||    55
